 Dungeon Crawl Stone Soup version 0.31.0-32-g396128a36d (webtiles) character file.

Game seed: 8596593655246290265

10 jagang the Slasher (level 2, 0/24 HPs)
             Began as a Human Monk on Mar 15, 2024.
             Slain by a jackal (3 damage)
             ... on level 1 of the Dungeon.
             The game lasted 00:00:23 (125 turns).

jagang the Slasher (Human Monk)                      Turns: 125, Time: 00:00:23

Health: 0/24       AC:  2    Str: 11    XL:     2   Next: 20%
Magic:  2/2        EV: 13    Int: 10    God:
Gold:   18         SH:  0    Dex: 15    Spells: 1/1 levels left

rFire   . . .        a - +0 falchion
rCold   . . .        d - orb {light}
rNeg    . . .        b - +0 robe
rPois   .            (no helmet)
rElec   .            (no cloak)
rCorr   .            (no gloves)
SInv    .            (no boots)
Will    .....        (no amulet)
Stlth   +            (no ring)
HPRegen 0.24/turn    (no ring)
MPRegen 0.08/turn

%: no passive effects
@: glowing
A: explore regen
a: no special abilities


You were on level 1 of the Dungeon.
You visited 1 branch of the dungeon, and saw 1 of its levels.

You collected 18 gold pieces.

Inventory:

Hand Weapons
 a - a +0 falchion (weapon)
Armour
 b - a +0 robe (worn)
 d - an orb of light (worn)
Potions
 c - a potion of ambrosia
 e - a potion of mutation {unknown}


   Skills:
 - Level 3.0 Fighting
 * Level 3.4 Long Blades
 - Level 3.0 Dodging
 + Level 1.0 Invocations


You had one spell level left.
You didn't know any spells.
Your spell library was empty.

Dungeon Overview and Level Annotations

Branches:
Dungeon (1/15)

Altars:


Innate Abilities, Weirdness & Mutations

You regain HP and MP as you explore.


Message History

The hobgoblin closely misses you. The jackal bites you. The endoplasm hits you.
The hobgoblin hits you but does no damage.
You are too injured to fight recklessly!
You are too injured to fight recklessly!
You are too injured to fight recklessly!
You are too injured to fight recklessly!
You are too injured to fight recklessly!
You are too injured to fight recklessly!
You are too injured to fight recklessly!
You are too injured to fight recklessly!
You are too injured to fight recklessly!
You are too injured to fight recklessly!
Unknown command.
The bat hits you. The jackal bites you.
The endoplasm attacks as it pursues you!
The endoplasm hits you.
You slash the bat!
You kill the bat!
The jackal barely misses you. The endoplasm hits you.
Your Invocations skill increases to level 1!
The jackal bites you.
* * * LOW HITPOINT WARNING * * *
The endoplasm attacks as it pursues you!
The endoplasm misses you.
You see here a bat corpse.
The jackal attacks as it pursues you!
The jackal bites you but does no damage.
The jackal bites you.
* * * LOW HITPOINT WARNING * * *
The jackal closely misses you. The jackal closely misses you.
The jackal bites you.
* * * LOW HITPOINT WARNING * * *
You hit the jackal.
The jackal is severely wounded.
The jackal closely misses you.
You barely miss the jackal.
The jackal is severely wounded.
The jackal closely misses you. The jackal bites you.
You die...

.......... ##.##..##.#
........# #.......#.#
........# #.$.....$#
......# #.......##
)...###### #.......?#
.).......#########.....$.#
)..........._......†....#
.........#######.##..#
.........#######@#J..+
#..............#h#†..#...
#...............rg........
#..............#####.##.##
##############.......# ..
##### ######### ## .....
..... .... #####


You could see a quokka, a jackal and a hobgoblin.

Vanquished Creatures
  A bat (D:1)
  2 goblins (D:1)
  2 jackals (D:1)
  3 kobolds (D:1)
8 creatures vanquished.

Notes
Turn   | Place    | Note
-------+----------+-------------------------------------------
     0 | D:1      | jagang the Human Monk began the quest for the Orb.
     0 | D:1      | Reached XP level 1. HP: 18/18 MP: 1/1
    82 | D:1      | Found a faded altar of an unknown god.
   108 | D:1      | Reached XP level 2. HP: 21/24 MP: 2/2
   118 | D:1      | Reached skill level 1 in Invocations
   125 | D:1      | Slain by a jackal

Illustrated notes

Levels and vault maps discovered:
D:1:      wander_arrival_estate, layout_basic, ebering_ecumenical_altar_hall,
          minmay_tall_x

Skill      XL: |  1  2 |
---------------+-------+-----
Invocations    | 1 |  1.0
Fighting       | |  3.0
Long Blades    | |  3.4
Dodging        | |  3.0

Action                     || total
---------------------------++-------
  Melee: Falchion          ||    20
 Armour: Robe              ||    30
  Dodge: Dodged            ||    33
